 Dungeon Crawl Stone Soup version 0.28-a0-1518-gbe868bca14 (webtiles) character file.

Game seed: 6676344737269192434

147 enile the Skirmisher (level 5, -1/40 HPs)
             Began as a Djinni Hedge Wizard on Jan 16, 2022.
             Was a Follower of the Shining One.
             Killed from afar by an orc wizard (2 damage)
             ... with a puff of flame
             ... on level 4 of the Dungeon.
             The game lasted 00:05:41 (5093 turns).

enile the Skirmisher (Djinni Hedge Wizard)          Turns: 5093, Time: 00:05:41

Health: -1/40      AC:  2    Str:  9    XL:     5   Next: 55%
Gold:   139        EV: 12    Int: 18    God:    the Shining One [*.....] SH:  6 Dex: 12

rFire   + + .      SeeInvis .   a - +0 dagger
rCold   x . .      Faith    +   (no shield)
rNeg    . . .      Spirit   .   b - +0 robe
rPois   ∞          Reflect  .   c - +0 hat
rElec   .          Harm     .   (no cloak)
rCorr   .          Rampage  .   (no gloves)
Will    .....                   (boots unavailable)
Stlth   +.........              e - amulet of faith
HPRegen 0.13/turn               (no ring)
MPRegen 0.00/turn               (no ring)

@: divinely shielded, flying, very slightly contaminated, glowing
A: sickness immunity, fire resistance 2, cold vulnerability 1, float, innate
caster, hp casting, extra vitality 1
a: Renounce Religion, Divine Shield


You were on level 4 of the Dungeon.
You worshipped the Shining One.
The Shining One was aware of your devotion.
You visited 1 branch of the dungeon, and saw 4 of its levels.

You collected 139 gold pieces.

Inventory:

Hand Weapons
 a - a +0 dagger (weapon)
Armour
 b - a +0 robe (worn)
 c - a +0 hat (worn)
Jewellery
 e - an amulet of faith (around neck)
 i - a ring of protection from cold
 j - an amulet of guardian spirit
 m - a ring of wizardry
Scrolls
 d - 2 scrolls of teleportation {unknown}
 f - 3 scrolls of identify {unknown}
 h - a scroll of amnesia {unknown}
Potions
 k - a potion of ambrosia {unknown}
 l - a potion of flight {unknown}


   Skills:
 + Level 3.3 Fighting
 - Level 3.0 Dodging
 - Level 2.1 Stealth
 - Level 3.0 Spellcasting


You couldn't memorise any spells.
You knew the following spells:

 Your Spells              Type           Power      Damage    Failure   Level
a - Magic Dart            Conj           52%        1d5       4%          1
b - Blink                 Tloc           26%        N/A       7%          2
c - Call Imp              Summ           13%        N/A       7%          2
d - Slow                  Hex            52%        N/A       4%          1
e - Conjure Flame         Conj/Fire      13%        6-21      14%         3
f - Mephitic Cloud        Conj/Pois/Air  13%        N/A       14%         3
g - Summon Small Mammal   Summ           52%        N/A       4%          1
h - Wereblood             Tmut           13%        N/A       7%          2
Your spell library was empty.

Dungeon Overview and Level Annotations

Branches:
Dungeon (4/15)
 Temple: D:4-7

Altars:
The Shining One

Annotations:
D:4 Dowan, Duvessa


Innate Abilities, Weirdness & Mutations

You are immune to sickness and miasma.
You are immune to poison.
Your flesh is very heat resistant. (rF++)
You are vulnerable to cold. (rC-)
You float through the air rather than walking.
You learn spells naturally, not from books.
Your magical power is your life essence.
You have superior vitality. (+4 MHP)


Message History

Casting: Slow (safe; 4% risk of failure)
Confirm with . or Enter, or press ? or * to list all spells.
Aiming: Magic Dart (safe; 4% risk of failure)
Press: ? - help, Shift-Dir - straight line, f/p - jelly
Aim: a jelly (heavily wounded, slow, haloed, 100% to hit)
You miscast Magic Dart.
You are very lightly contaminated with residual magic.
Nothing appears to happen.
The orc shouts!
You hear a bark!
Duvessa says, "Practise, practise, practise!
One day you'll be as good as me."
You hear a shout!
An orc and a hound come into view.
The hound barks!
The orc shouts!
You hear a shout!
The orc moves out of view.
An orc wizard comes into view. It is wielding a +0 dagger.
Found 9 gold pieces and a chain mail.
Your primal bloodlust has ended.
The orc wizard shouts!
The hound bites you.
Found a dagger.
The orc hits you with a +0 flail.
* * * LOW HITPOINT WARNING * * *
The hound bites you.
* * * LOW HITPOINT WARNING * * *
A divine shield forms around you! You block the hound's attack.
The orc hits you with a +0 flail. The Shining One protects you from harm!
The orc wizard barely misses you.
Blink to where?
Press: ? - help, Dir - move target, p - jelly An orc comes into view.
It is wielding a +0 flail.
Found a stone staircase leading down.
As you read the scroll labelled ESU LIELISTUO, it crumbles to dust.
It was a scroll of blinking.
The orc shouts!
The orc wizard casts a spell at you. The puff of flame hits you. You resist.
* * * LOW HITPOINT WARNING * * *
The orc wizard casts a spell at you. The puff of flame hits you. You resist.
You die...

#...eZ.....#
#e########.# #.# #.#
######J## #e#
$.......§#######Z#######
#####..o.o..).##.#......
#.....oh..[.##....#
#.##.#.####.###<..# #.
#.#.#...o@.....# #
#.#.#..........#
#.#.........##.#
###.......>.:.
#.......##... ..!......#
?.. ##.#......# ....
....#.####


You could see a jelly (slow), an orc wizard and an orc.

Vanquished Creatures
  An orc wizard (D:3)
  5 adders
  An ufetubus (D:3)
  A dart slug (D:1)
  An orc (D:3)
  4 bats
  8 endoplasms
  6 giant cockroaches
  4 goblins
  7 hobgoblins
  3 jackals (D:1)
  4 quokkas
  3 ball pythons (D:1)
  5 frilled lizards
  4 kobolds
  3 rats
60 creatures vanquished.

Vanquished Creatures (collateral kills)
  2 goblins
  A hobgoblin (D:1)
  A frilled lizard (D:1)
4 creatures vanquished.

Vanquished Creatures (others)
  A plant (D:1)
1 creature vanquished.

Grand Total: 65 creatures vanquished

Notes
Turn   | Place    | Note
-------+----------+-------------------------------------------
     0 | D:1      | enile the Djinni Hedge Wizard began the quest for the Orb.
     0 | D:1      | Reached XP level 1. HP: 15/15 MP: 0/0
   209 | D:1      | Reached XP level 2. HP: 20/21 MP: 0/0
   870 | D:1      | Reached XP level 3. HP: 22/25 MP: 0/0
   870 | D:1      | Learned a level 1 spell: Summon Small Mammal
  1447 | D:1      | Found a faded altar of an unknown god.
  1458 | D:1      | Prayed at the altar of an unknown god.
  1458 | D:1      | Became a worshipper of the Shining One
  1458 | D:1      | Reached * piety under the Shining One
  1941 | D:1      | Reached skill level 1 in Fighting
  2510 | D:2      | You are sucked into a shaft and drop 2 floors!
  2519 | D:4      | Reached XP level 4. HP: 24/32 MP: 0/0
  3337 | D:3      | Reached XP level 5. HP: 27/39 MP: 0/0
  3337 | D:3      | Learned a level 2 spell: Wereblood
  5061 | D:4      | Noticed Duvessa
  5061 | D:4      | Noticed Dowan
  5091 | D:4      | The Shining One protects you from harm!
  5092 | D:4      | HP: 1/40 [orc wizard/puff of flame (3)]
  5093 | D:4      | Killed from afar by an orc wizard

Illustrated notes

Levels and vault maps discovered:
D:1:      roderic_crop_circles_arrival_small, layout_basic,
          dreamdust_ecumenical_altar_hidden_monk_grotto,
          minmay_misc_feat_plants, minmay_tall_x
D:2:      layout_basic
D:3:      layout_basic, minmay_fountain_box, kennysheep_generic_room_15
D:4:      layout_loops_ring, uniq_duvessa, uniq_sigmund

Skill      XL: |  1  2  3  4  5 |
---------------+----------------+-----
Stealth        | 2 |  2.1
Fighting       | 1 2 3 |  3.3
Spellcasting   | 3 |  3.0
Dodging        | 3 |  3.0

Action                   |  1- 3 |  4- 6 || total
-------------------------+-------+-------++-------
Melee: Dagger            |     1 |     1 ||     2
 Cast: Magic Dart        |   103 |    76 ||   179
       Call Imp          |     2 |       ||     2
       Summon Small Mamm |     1 |     4 ||     5
       Mephitic Cloud    |     1 |     2 ||     3
       Slow              |       |     2 ||     2
       Conjure Flame     |       |     1 ||     1
       Wereblood         |       |     1 ||     1
Invok: Divine Shield     |       |     1 ||     1
  Use: Scroll            |       |     1 ||     1
Armor: Robe              |     2 |     6 ||     8
Dodge: Dodged            |    16 |    17 ||    33
Block: Other             |       |     1 ||     1

Table legend: (Time is in decaauts)
 A = Elapsed time spent in this place.
 B = Non-inter-level travel time spent in this place.
 C = Inter-level travel time spent in this place.
 D = Time resting spent in this place.
 E = Time spent auto-exploring this place.
 F = Levels seen in this place.
 G = Mean time per level.
                   A        B        C        D        E       F      G
               +--------+--------+--------+--------+--------+-----+--------+
         Total |   5093 |   4880 |    213 |     39 |   4446 |   4 | 1273.2 |
       Dungeon |   5093 |   4880 |    213 |     39 |   4446 |   4 | 1273.2 |
               +--------+--------+--------+--------+--------+-----+--------+

Top non-repeatable levels by time:
     D:1: 2191 daAuts
     D:3: 1689 daAuts
     D:2: 1161 daAuts
     D:4: 52 daAuts
